 Dungeon Crawl Stone Soup version 0.27.1-34-g3ba077fa99 (webtiles) character file.

Game seed: 5672333720007973889

14869 cbfl8 the Cleaver (level 11, -6/99 HPs)
             Began as a Minotaur Delver on Jan 17, 2022.
             Was a High Priest of Yredelemnul.
             Mangled by an ogre zombie (7 damage)
             ... on level 11 of the Dungeon.
             The game lasted 00:54:53 (18141 turns).

cbfl8 the Cleaver (Minotaur Delver)                Turns: 18141, Time: 00:54:54

Health: -6/99      AC: 10    Str: 17    XL:     11   Next: 94%
Magic:  15/15      EV: 14    Int: 14    God:    Yredelemnul [*****.]
Gold:   845        SH:  0    Dex: 12    Spells: 7/10 levels left

rFire    . . .     SeeInvis .   t - +11 trident of Impermanence {flame, rCorr Int+4}
rCold    . . .     Faith    .   (no shield)
rNeg     + . .     Spirit   .   u - +0 steam dragon scales
rPois    .         Reflect  .   (helmet restricted)
rElec    .         Harm     .   E - scarf {shadows}
rCorr    +         Rampage  .   (no gloves)
Will     .....                  o - +2 pair of boots
Stlth    ++........             b - amulet of the acrobat
HPRegen  0.26/turn              p - ring of positive energy
MPRegen  0.14/turn              (no ring)

@: about to teleport, very slow
A: horns 2, retaliatory headbutt
a: Renounce Religion, Recall Undead Slaves, Injury Mirror, Animate Dead, Drain
Life, Enslave Soul


You were on level 11 of the Dungeon.
You worshipped Yredelemnul.
Yredelemnul was extremely pleased with you.
You visited 3 branches of the dungeon, and saw 13 of its levels.
You also visited: Ossuary.

You collected 887 gold pieces.
You spent 42 gold pieces at shops.

Inventory:

Hand Weapons
 l - the +8 hand axe "Lisenedi" {freeze, rC+ rN+ Str-5}
   (You found it on level 4 of the Dungeon)

   It freezes those it strikes, dealing additional cold damage.
   It can also slow down cold-blooded creatures.
   Str:       It affects your strength (-5).
   rC:        It protects you from cold.
   rN:        It protects you from negative energy.
 t - the +11 trident of Impermanence (weapon) {flame, rCorr Int+4}
   (You found it on level 9 of the Dungeon)

   It burns those it strikes, dealing additional fire damage.
   Int:       It affects your intelligence (+4).
   rCorr:     It protects you from acid and corrosion.
 S - a +8 great mace
Missiles
 O - 252 stones (quivered)
 Z - 2 throwing nets
Armour
 a - a +0 helmet
 o - a +2 pair of boots (worn)
 r - a +0 chain mail of cold resistance
 u - +0 steam dragon scales (worn)
 E - a scarf of shadows (worn)
 R - +0 steam dragon scales
Jewellery
 b - an amulet of the acrobat (around neck)
 p - a ring of positive energy (left hand)
 B - a ring of ice
 C - an amulet of guardian spirit
Wands
 g - a wand of digging (3)
 z - a wand of paralysis (11)
 F - a wand of flame (20)
 L - a wand of charming (6)
 T - a wand of mindburst (25)
 U - a wand of iceblast (5)
 X - a wand of acid (6)
Scrolls
 c - 2 scrolls of fog
 e - 3 scrolls of fear
 h - 3 scrolls of blinking {unknown}
 s - 2 scrolls of enchant armour {unknown}
 w - 8 scrolls of identify {unknown}
 x - 2 scrolls of immolation {unknown}
 y - 2 scrolls of acquirement {unknown}
 D - 2 scrolls of amnesia {unknown}
 I - 2 scrolls of noise {unknown}
 J - a scroll of holy word {unknown}
 M - 2 scrolls of vulnerability {unknown}
 N - 2 scrolls of enchant weapon {unknown}
Potions
 d - a potion of degeneration {unknown}
 f - 4 potions of haste
 i - a potion of might
 k - 2 potions of ambrosia {unknown}
 q - 3 potions of attraction
 v - 3 potions of heal wounds {unknown}
 A - 2 potions of flight {unknown}
 G - 4 potions of brilliance
 H - 4 potions of lignification
 K - 2 potions of cancellation {unknown}
 P - a potion of mutation {unknown}
 W - a potion of magic {unknown}
 Y - 2 potions of resistance {unknown}
Miscellaneous
 j - a phial of floods (inert)
 Q - a condenser vane


   Skills:
 - Level 10.0 Fighting
 + Level 12.7(13.1) Axes
 + Level 5.6(10.1) Polearms
 + Level 8.0 Armour
 + Level 7.1 Dodging
 + Level 7.4 Stealth
 + Level 7.4 Invocations


You had 7 spell levels left.
You knew the following spells:

 Your Spells              Type           Power      Damage    Failure   Level
a - Ozocubu's Armour      Ice            0%         N/A       65%         3

Your spell library contained the following spells:

 Spells                   Type           Power      Damage    Failure   Level
 Sting                    Tmut/Pois      0%         1d3       28%         1
 Blink                    Tloc           N/A        N/A       41%         2
 Poisonous Vapours        Pois/Air       0%         N/A       41%         2
 Static Discharge         Conj/Air       0%         N/A       41%         2
 Summon Guardian Golem    Hex/Summ       0%         N/A       65%         3
 Dispel Undead            Necr           0%         3d6       96%         4
 Hailstorm                Conj/Ice       0%         3d3       96%         4
 Ice Form                 Ice/Tmut       0%         N/A       96%         4
 Olgreb's Toxic Radiance  Pois           0%         N/A       96%         4
 Sticky Flame             Conj/Fire      0%         2d3       96%         4
 Manifold Assault         Tloc           0%         N/A       100%        5
 Summon Forest            Summ/Tloc      0%         N/A       100%        5
 Summon Mana Viper        Hex/Summ       0%         N/A       100%        5
 Shadow Creatures         Summ           N/A        N/A       100%        6
 Simulacrum               Ice/Necr       0%         N/A       100%        6
 Orb of Destruction       Conj           0%         N/A       100%        7
 Ozocubu's Refrigeration  Ice            0%         4d5       100%        7
 Spellforged Servitor     Conj/Summ      0%         N/A       100%        7
 Storm Form               Tmut/Air       0%         N/A       100%        7


Dungeon Overview and Level Annotations

Branches:
Dungeon (11/15)            Temple (1/1) D:4            Lair (1/6) D:8
    Orc (0/2) D:11        Ossuary (visited)

Altars:
Ashenzari
Cheibriados
Dithmenos
Elyvilon
Fedhas
Gozag
Hepliaklqana
Kikubaaqudgha
Makhleb
Nemelex Xobeh
Okawaru
Qazlal
Ru
Sif Muna
Trog
Uskayaw
Vehumet
Wu Jian
Xom
Yredelemnul
Zin
The Shining One

Shops:
D:3 !   D:7 (


Innate Abilities, Weirdness & Mutations

You have a pair of horns on your head.
You reflexively headbutt those who attack you in melee.


Message History

The shadow hits you.
As you read the scroll of teleportation, it crumbles to dust.
You feel strangely stable.
Your flying skull closely misses the flying skull.
The orc zombie closely misses you. The flying skull misses you.
The ogre zombie hits you!
* * * LOW HITPOINT WARNING * * *
Your flying skull hits the flying skull but does no damage.
The ogre zombie completely misses your flying skull.
An orc skeleton comes into view.
An orc zombie comes into view.
The hobgoblin zombie hits you but does no damage.
The shadow hits you.
* * * LOW HITPOINT WARNING * * *
An ogre zombie comes into view.
As you read the scroll of teleportation, it crumbles to dust.
You feel strangely unstable. The flying skull hits you.
* * * LOW HITPOINT WARNING * * *
Your flying skull hits the flying skull.
The hobgoblin zombie closely misses you.
You furiously retaliate!
You headbutt the hobgoblin zombie!
The ogre zombie hits you but does no damage.
The orc zombie completely misses you. The flying skull completely misses you.
The ogre zombie hits you but does no damage.
A hobgoblin zombie comes into view.
The shadow misses you.
You puncture the orc zombie! You burn the orc zombie.
You destroy the orc zombie!
Yredelemnul accepts your kill.
Your flying skull hits the flying skull.
A troll zombie comes into view.
The hobgoblin zombie hits you but does no damage.
The hobgoblin zombie barely misses you.
The flying skull misses your flying skull.
Your flying skull hits the flying skull!
The flying skull is destroyed!
You hit the ogre zombie. You burn the ogre zombie.
The ogre zombie is lightly damaged.
The ogre zombie hits you!
You die...
Your body rises from the dead as a mindless zombie.

,,* *,,,<,,,,,,,,,,,,,**
,,*********,****,,,,,******,,*
,,,,,,,,,,,,***,,,...# **,*
,,########***,,,,,...##* *,*
*,.......#########.....*****,*
*******#.....#......8..,,,,*,*
#..####?.Z.....^,,,,*,*
#..####≈ZZZ..Z.Z,,,,*,* **
#......≈≈@WZZ.Z.,,,,,,* ,*
#..##..8zZZZ.ZZZ,,,8,,*
.#######..###....Z..Z..,,,,,**
......##..# ##...../Z..,,,,**
.####.##..# #......ZZ.,,,,* ,*
#<##..# #......8..,,,,* **
#.##..# #####.....*****
#.##..# *,,,*** #####.##..#
*,,**


You could see a shadow, 4 hobgoblin zombies, 6 orc zombies, a centaur warrior
zombie, 4 ogre zombies, a two-headed ogre zombie, a troll zombie, a goblin
skeleton, a hobgoblin skeleton, an orc skeleton and a friendly flying skull.

Vanquished Creatures
  Gastronok (D:11)
  Erica (D:11)
  The ghost of kaffeinatedkobold the Slicer, a novice KoFi of Hepliaklqana (D:7)
  An oklob plant (Lair:1)
  A gargoyle (D:10)
  A blink frog (Lair:1)
  A flying skull (D:10)
  A vampire (D:10)
  A wraith (D:10)
  A basilisk (D:7)
  2 shadows (D:11)
  12 yaks (Lair:1)
  4 steam dragons
  A warg (Lair:1)
  2 water moccasins
  4 ice beasts
  2 orc warriors
  A necrophage (D:4)
  4 ogres
  A sky beast (D:6)
  A black bear (D:4)
  2 centaurs
  4 wolves (Lair:1)
  A phantom (D:6)
  A kobold brigand (D:8)
  3 gnoll sergeants
  4 bullfrogs
  2 water moccasin zombies (Ossuary)
  5 wights (D:7)
  A howler monkey (D:6)
  3 centaur zombies
  10 hounds
  A bullfrog zombie (D:5)
  3 gnoll shamans
  2 orc priests
  2 jellies
  3 iguanas
  9 orc wizards
  Terence (D:3)
  An ogre zombie (D:11)
  A hound skeleton (D:5)
  A mummy (Ossuary)
  24 gnolls
  A howler monkey skeleton (D:7)
  8 adders
  A white imp (D:7)
  2 ufetubi
  A worm (D:3)
  2 dart slugs
  18 orcs
  A bat (D:2)
  3 endoplasms
  8 giant cockroaches
  7 goblins
  5 hobgoblins
  15 jackals
  20 kobolds
  6 ball pythons
  4 frilled lizards
  5 gnoll zombies (Ossuary)
  A goblin zombie (D:11)
  5 hobgoblin zombies
  A kobold zombie (Ossuary)
  8 orc zombies
  7 rats
  A spectral hobgoblin (D:1)
258 creatures vanquished.

Vanquished Creatures (collateral kills)
  Harold (D:9)
  An ugly thing (D:9)
  2 oklob plants (Lair:1)
  A black mamba (Lair:1)
  2 cane toads (Lair:1)
  A troll (D:10)
  Prince Ribbit (D:8)
  2 polar bears (Lair:1)
  3 blink frogs (Lair:1)
  2 flying skulls
  3 yaks (Lair:1)
  A warg (Lair:1)
  4 water moccasins
  An orc warrior (D:10)
  2 wolves (Lair:1)
  A centaur (D:7)
  2 kobold brigands
  3 bullfrogs
  2 gnoll sergeants
  A troll zombie (D:11)
  A howler monkey (D:9)
  5 hounds
  An orc priest (D:8)
  2 orc wizards
  A mummy (Ossuary)
  A howler monkey zombie (D:9)
  8 gnolls
  2 adder zombies (Ossuary)
  6 orcs
  An endoplasm (D:1)
  A gnoll zombie (Ossuary)
  A jackal (D:3)
  A hobgoblin skeleton (D:11)
  3 hobgoblin zombies
  7 kobolds
  An orc skeleton (D:11)
  2 orc zombies
  3 bushes (D:9)
83 creatures vanquished.

Vanquished Creatures (others)
  4 flying skulls
  A wraith (Lair:1)
  A black mamba zombie (Lair:1)
  A mummy (D:7)
  A wolf zombie (Lair:1)
  A water moccasin zombie (D:5)
  A ball python zombie (D:1)
  A basilisk zombie (D:7)
  2 bullfrog zombies (D:7)
  2 centaur zombies
  A dart slug zombie (D:2)
  A frilled lizard zombie (D:2)
  A gnoll skeleton (D:5)
  7 gnoll zombies
  3 hound zombies (D:5)
  An iguana zombie (D:5)
  6 jackal zombies
  3 kobold zombies
  6 orc zombies
  A rat zombie (D:2)
  A steam dragon zombie (D:7)
  12 fungi (Lair:1)
  23 plants
81 creatures vanquished.

Grand Total: 422 creatures vanquished

Notes
Turn   | Place    | Note
-------+----------+-------------------------------------------
     0 | D:5      | cbfl8 the Minotaur Delver began the quest for the Orb.
     0 | D:5      | Reached XP level 1. HP: 19/19 MP: 0/0
    59 | D:5      | Reached XP level 2. HP: 15/27 MP: 1/1
   327 | D:5      | Noticed a water moccasin
   676 | D:5      | Noticed an ice beast
   740 | D:4      | Found an ancient bone altar of Kikubaaqudgha.
   816 | D:4      | Found a staircase to the Ecumenical Temple.
   837 | Temple   | Entered the Ecumenical Temple
   914 | Temple   | Became a worshipper of Yredelemnul the Dark
  1212 | D:3      | Noticed Terence
  1246 | D:4      | Found an ornate altar of the Wu Jian Council.
  1266 | D:4      | Noticed a necrophage
  1283 | D:4      | Killed a necrophage
  1284 | D:4      | Reached skill level 3 in Axes
  1284 | D:4      | Reached skill level 1 in Armour
  1284 | D:4      | Reached skill level 5 in Stealth
  1284 | D:4      | Reached XP level 3. HP: 28/34 MP: 2/2
  1284 | D:4      | Reached XP level 4. HP: 34/41 MP: 3/3
  1723 | D:4      | Identified the +8 hand axe "Lisenedi" {freeze, rC+ rN+
                  | Str-5}
  1898 | D:3      | Found a sparkling altar of Nemelex Xobeh.
  1950 | D:3      | Reached XP level 5. HP: 47/47 MP: 4/4
  2312 | D:3      | Killed Terence
  2485 | D:3      | Reached skill level 4 in Axes
  2581 | D:3      | Noticed an ice beast
  2595 | D:3      | Killed an ice beast
  2596 | D:3      | Reached XP level 6. HP: 32/55 MP: 5/5
  2597 | D:3      | Reached * piety under Yredelemnul
  2725 | D:3      | Found Tig Sufu's Distillery.
  2969 | D:3      | Bought a potion of curing for 42 gold pieces
  3932 | D:1      | Reached skill level 5 in Axes
  4117 | D:1      | Reached ** piety under Yredelemnul
  4290 | D:1      | Reached skill level 1 in Invocations
  4471 | D:1      | Found a faded altar of an unknown god.
  5904 | D:4      | Reached XP level 7. HP: 52/60 MP: 7/7
  6390 | D:5      | Reached skill level 5 in Fighting
  6803 | D:5      | Reached skill level 5 in Armour
  7035 | D:5      | Reached skill level 6 in Axes
  7035 | D:5      | Reached XP level 8. HP: 66/69 MP: 9/9
  8550 | D:5      | Reached *** piety under Yredelemnul
  8768 | D:6      | Reached skill level 7 in Axes
  8783 | D:6      | Reached XP level 9. HP: 35/79 MP: 3/10
 10183 | D:7      | Found Bufiash's Antique Weapon Shoppe.
 10320 | D:7      | Reached skill level 8 in Axes
 10722 | D:7      | Noticed kaffeinatedkobold's ghost (novice KoFi)
 10723 | D:7      | Found a transporter.
 11249 | D:7      | Reached skill level 9 in Axes
 11269 | D:7      | Received a gift from Yredelemnul (a mummy)
 11270 | D:7      | Reached skill level 5 in Invocations
 11589 | D:7      | Found a burning altar of Makhleb.
 11979 | D:7      | Found a transporter.
 11999 | D:7      | Killed kaffeinatedkobold's ghost
 12000 | D:7      | Reached XP level 10. HP: 70/88 MP: 9/13
 12273 | D:8      | Found a snail-covered altar of Cheibriados.
 12275 | D:8      | Noticed Prince Ribbit
 12287 | D:8      | Killed Prince Ribbit
 12287 | D:8      | Reached **** piety under Yredelemnul
 12288 | D:8      | Reached skill level 10 in Axes
 12288 | D:8      | Reached skill level 5 in Dodging
 12340 | D:8      | Found a sand-covered staircase.
 12352 | Ossuary  | Entered an ossuary
 12358 | Ossuary  | Received a gift from Yredelemnul (a wight)
 12429 | Ossuary  | Received a gift from Yredelemnul (5 flying skulls)
 12654 | D:8      | Received a gift from Yredelemnul (a mummy)
 13287 | D:8      | Noticed a gargoyle
 13345 | D:8      | Found a staircase to the Lair.
 13356 | Lair:1   | Entered Level 1 of the Lair of Beasts
 13371 | Lair:1   | Noticed a cane toad
 13378 | Lair:1   | Killed a cane toad
 13398 | Lair:1   | Received a gift from Yredelemnul (a wraith)
 13439 | Lair:1   | Noticed an oklob plant
 13921 | Lair:1   | Noticed a black mamba
 13934 | Lair:1   | Killed a black mamba
 13935 | Lair:1   | Reached skill level 11 in Axes
 14404 | Lair:1   | Received a gift from Yredelemnul (a wraith)
 14533 | Lair:1   | Reached XP level 11. HP: 9/97 MP: 0/14
 15082 | Lair:1   | Received a gift from Yredelemnul (3 flying skulls)
 15103 | Lair:1   | Noticed an oklob plant
 15104 | Lair:1   | Noticed an oklob plant
 15118 | Lair:1   | Killed an oklob plant
 15123 | Lair:1   | Killed an oklob plant
 15129 | Lair:1   | Killed an oklob plant
 15130 | Lair:1   | Reached skill level 12 in Axes
 15364 | Lair:1   | Received a gift from Yredelemnul (a vampire)
 16047 | D:9      | Found a hide-covered altar of Uskayaw.
 16119 | D:9      | Identified the +11 trident of Impermanence {flame, rCorr
                  | Int+4}
 16229 | D:9      | Noticed a green ugly thing
 16238 | D:9      | Killed a green ugly thing
 16521 | D:9      | Received a gift from Yredelemnul (a skeletal warrior)
 16691 | D:9      | Noticed Harold
 16703 | D:9      | Killed Harold
 16960 | D:9      | Reached skill level 1 in Polearms
 17116 | D:10     | Entered Level 10 of the Dungeon
 17148 | D:10     | Reached skill level 10 in Fighting
 17463 | D:10     | Found a glowing golden altar of the Shining One.
 17465 | D:10     | Received a gift from Yredelemnul (a skeletal warrior)
 17525 | D:10     | Learned a level 3 spell: Ozocubu's Armour
 17787 | D:11     | Noticed Erica
 17789 | D:11     | Noticed Gastronok
 17797 | D:11     | Killed Erica
 17812 | D:11     | Killed Gastronok
 17813 | D:11     | Reached skill level 5 in Polearms
 18125 | D:11     | Reached ***** piety under Yredelemnul
 18126 | D:11     | Found a staircase to the Orcish Mines.
 18138 | D:11     | HP: 3/99 [shadow (5)]
 18139 | D:11     | HP: 1/99 [flying skull[the player character] (2)]
 18141 | D:11     | Mangled by an ogre zombie

Illustrated notes

Levels and vault maps discovered:
D:1:      dpeg_arrival_short_road, layout_loops_cross,
          dreamdust_ecumenical_altar_drowned_temple
D:2:      layout_loops_ring
D:3:      layout_rooms, mainiacjoe_overflow_concentric_impassable, serial_shops,
          shop, uniq_terence
D:4:      corexii_shack_village, layout_loops_corners,
          kiku_gazebo_garden_becter, mainiacjoe_overflow_tiny_flanked,
          minmay_temple_entry_offerings, serial_bayou, serial_bayou_pond_b,
          serial_bayou_pond_e, serial_bayou_pond_a, serial_bayou_pond_d,
          mrwooster_statue_mirror
D:5:      kennysheep_six_static_rooms, layout_cave_pools, serial_gnoll_camp,
          gnoll_camp_mini_basic, gnoll_camp_mini_loothouse,
          gnoll_camp_medium_01, gnoll_camp_mini_doghouse, gnoll_camp_mini_basic,
          gnoll_camp_mini_basic
D:6:      layout_basic
D:7:      cheibrodos_steamvent, layout_basic, lemuel_coloured_pillars_altar,
          gammafunk_ghost_smash, nicolae_stop_n_shop_1, hex_tiny
D:8:      layout_layer_cave, kennysheep_mini, lair_entry_dummy,
          nicolae_ossuary_entry_ruins, serial_bayou_pond_a,
          onia_ninara_dug_in_and_dangerous, uniq_prince_ribbit1
D:9:      layout_stronghold, mainiacjoe_overflow_cross_hatched,
          grunt_decor_junction, uniq_harold
D:10:     layout_basic, lemuel_crystal_altar
D:11:     minmay_clustersquares, layout_loops_ring, zombieorc2_lemuel,
          enter_bailey_2, grunt_ministairs_14, uniq_erica, uniq_gastronok
Temple:   regret_index_temple_waves
Lair:1:   beast_lair_carwin_large_3, layout_regular_city,
          infiniplex_staircase_pool_2, minmay_lair_oklob_chamber,
          lemuel_fruit_tree

Skill      XL: |  1  2  3  4  5  6  7  8  9 10 11 |
---------------+----------------------------------+-----
Fighting       | 4 5 7 8 9 10 | 10.0
Axes           | 3 4 5 6 7 9 11 12 | 12.7
Armour         | 1 3 4 5 7 8 |  8.0
Stealth        | 5 6 7 |  7.4
Invocations    | 2 3 5 6 7 |  7.4
Dodging        | 3 4 6 7 |  7.1
Polearms       | 5 |  5.6

Action                   |  1- 3 |  4- 6 |  7- 9 | 10-12 || total
-------------------------+-------+-------+-------+-------++-------
Melee: Hand axe          |    22 |   137 |   259 |   179 ||   597
       Headbutt          |     3 |    17 |    39 |    41 ||   100
       Trident           |       |       |       |    74 ||    74
Invok: Animate Remains   |       |    34 |    20 |       ||    54
       Animate Dead      |       |       |    13 |    24 ||    37
       Recall Undead Sla |       |       |     3 |       ||     3
Evoke: Phial of floods   |       |       |       |     1 ||     1
  Use: Potion            |       |       |     6 |     6 ||    12
       Scroll            |       |       |     2 |     5 ||     7
 Stab: Sleeping          |       |     4 |     4 |     8 ||    16
       Distracted        |       |       |     1 |     5 ||     6
Armor: Leather armour    |     1 |       |       |       ||     1
       Scale mail        |     7 |    75 |    85 |       ||   167
       Skin              |       |       |    10 |       ||    10
       Steam dragon scal |       |       |    38 |   105 ||   143
Dodge: Dodged            |    12 |    63 |   144 |   199 ||   418
